 Dungeon Crawl Stone Soup version 0.25.0-37-gb73750e0fb (webtiles) character file.

Game seed: 11563451135185586812

711 ANON1729 the Skirmisher (level 8, -2/62 HPs)
             Began as a Formicid Abyssal Knight on July 9, 2020.
             Was a Believer of Lugonu.
             Slain by a centaur (8 damage)
             ... on level 8 of the Dungeon.
             The game lasted 00:08:28 (6146 turns).

ANON1729 the Skirmisher (Formicid Abyssal Knight)   Turns: 6146, Time: 00:08:29

Health: -2/62      AC:  4    Str: 21    XL:     8   Next: 0%
Magic:  11/11      EV: 12    Int: 13    God:    Lugonu [**....]
Gold:   203        SH:  0    Dex: 10    Spells: 7/7 levels left

rFire    x . .     SeeInvis +   w - +1 dagger "Murmur" {holy, Str+3} (curse)
rCold    + . .     Gourm    .   (no shield)
rNeg     . . .     Faith    .   b - +0 leather armour
rPois    .         Spirit   .   (helmet unavailable)
rElec    .         Reflect  .   (no cloak)
rCorr    .         Harm     .   d - +0 pair of gloves
MR       +....                  (no boots)
Stlth    +.........             (no amulet)
HPRegen  0.20/turn              n - ring of ice
MPRegen  0.12/turn              o - ring of protection from magic

@: mighty
A: permanent stasis, dig shafts and tunnels, four strong arms, antennae 3
a: Dig, Shaft Self, Depart the Abyss, Bend Space, Renounce Religion


You were on level 8 of the Dungeon.
You worshipped Lugonu.
Lugonu was pleased with you.
You were very hungry.

You visited 1 branch of the dungeon, and saw 7 of its levels.
You visited the Abyss 1 time.

You collected 203 gold pieces.

Inventory:

Hand Weapons
 a - a +1 short sword
 w - the cursed +1 dagger "Murmur" (weapon) {holy, Str+3}
   (You found it on level 5 of the Dungeon)

   It has been blessed by the Shining One to cause great damage to the undead
   and demons.
   It affects your strength (+3).
   It has a curse placed upon it.
Armour
 b - a +0 leather armour (worn)
 d - a +0 pair of gloves (worn)
Jewellery
 n - a ring of ice (left hand)
 o - a ring of protection from magic (right hand)
 t - an uncursed amulet of regeneration {unknown}
 x - a cursed -4 ring of strength {unknown}
Scrolls
 f - 4 scrolls of identify {unknown}
 h - 2 scrolls of magic mapping {unknown}
 i - 3 scrolls of fog {unknown}
 j - 2 scrolls of amnesia {unknown}
 k - a scroll of immolation {unknown}
 m - 2 scrolls of enchant weapon {unknown}
 p - 3 scrolls of enchant armour {unknown}
 q - 3 scrolls of remove curse {unknown}
 r - a scroll of teleportation {unknown}
Potions
 e - a potion of invisibility {unknown}
 g - 2 potions of might
 l - 2 potions of degeneration {unknown}
 s - a potion of heal wounds {unknown}
 u - a potion of curing {unknown}
 v - a potion of flight {unknown}
Comestibles
 c - 6 rations


   Skills:
 + Level 5.2 Fighting
 + Level 4.1 Short Blades
 + Level 4.4 Armour
 + Level 3.2 Dodging
 + Level 4.8 Invocations


You had 7 spell levels left.
You didn't know any spells.
Your spell library contained the following spells:

 Spells                   Type           Power        Failure   Level  Hunger
 Corona                   Hex            #......      34%         1    ##.....
 Magic Dart               Conj           #...         34%         1    ##.....
 Call Imp                 Summ           #.......     47%         2    ###....
 Ensorcelled Hibernation  Hex/Ice        #.....       47%         2    ###....
 Slow                     Hex            #.......     47%         2    ###....
 Confusing Touch          Hex            #.......     71%         3    ####...
 Conjure Flame            Conj/Fire      #.......     71%         3    ####...
 Dazzling Flash           Conj/Hex       #.....       71%         3    ####...
 Mephitic Cloud           Conj/Pois/Air  #.......     71%         3    ####...
 Tukima's Dance           Hex            #.......     71%         3    ####...
 Blink                    Tloc           Unusable     N/A         2    N/A

Dungeon Overview and Level Annotations

Branches:
Dungeon (6/15)
 Temple: D:4-7

Altars:
Makhleb
Nemelex Xobeh
Sif Muna
Uskayaw
Vehumet
Yredelemnul
Zin
The Shining One

Shops:
D:5 (

Annotations:
D:4 1 runed translucent door


Innate Abilities, Weirdness & Mutations

You cannot be hasted, slowed, berserked, paralysed or teleported.
You can dig through walls and to a lower floor.
Your four strong arms can wield two-handed weapons with a shield.
You have a pair of large antennae on your head. (SInv)


Message History

You easily resist.
The centaur hits you but does no damage.
You begin to dig a shaft.
You continue digging a shaft.
The centaur misses you.
The shadow imp hits you but does no damage.
The centaur hits you.
* * * LOW HITPOINT WARNING * * *
A shaft appears beneath you!
You fall into a shaft and drop 2 floors!
The shaft crumbles and collapses.
A centaur comes into view.
Found a ration and a fuming white potion.
Found an escape hatch in the ceiling.
Unknown command.
It was a potion of might.
You feel very mighty all of a sudden.
The centaur wields a +0 shortbow.
The centaur shoots an arrow.
The arrow closely misses you.
The centaur unwields a +0 shortbow.
The centaur hits you!
You die...

.. ...
########..#
##.....#....
##...!.......
#%...........
#....c.......
#....@.......
#........<...
#............
##.(.........
##.....#....
###########


You could see a centaur.

Vanquished Creatures
  Grinder (D:5)
  An ogre (D:5)
  A bullfrog (D:5)
  A scorpion (D:4)
  2 crimson imps (D:5)
  2 iguanas (D:5)
  An orc wizard (D:5)
  2 worker ants (D:5)
  A howler monkey zombie (D:5)
  2 adders
  A worm (D:3)
  2 dart slugs
  3 leopard geckos
  10 orcs
  3 ball pythons
  6 bats
  5 giant cockroaches
  2 goblins
  4 hobgoblins
  6 jackals (D:3)
  A quokka (D:5)
  4 frilled lizards
  A jackal skeleton (D:4)
  6 kobolds
  7 rats
75 creatures vanquished.

Notes
Turn   | Place    | Note
-------+----------+-------------------------------------------
     0 | Abyss:1  | ANON1729 the Formicid Abyssal Knight began the quest for
                  | the Orb.
     0 | Abyss:1  | Reached XP level 1. HP: 18/18 MP: 2/2
    58 | Abyss:1  | Found a corrupted altar of Lugonu.
    96 | Abyss:1  | Noticed a wraith
   113 | Abyss:1  | Noticed a black bear
   114 | Abyss:1  | Noticed a basilisk
   114 | Abyss:1  | a black bear changed into a basilisk
   121 | D:1      | Escaped the Abyss
   350 | D:1      | Reached skill level 1 in Dodging
   369 | D:1      | Reached * piety under Lugonu
   459 | D:1      | Reached XP level 2. HP: 23/24 MP: 3/3
   833 | D:1      | Reached XP level 3. HP: 29/29 MP: 4/4
  1339 | D:2      | Found a radiant altar of Vehumet.
  1403 | D:2      | You fall into a shaft and drop 1 floor!
  1470 | D:3      | Found a sparkling altar of Nemelex Xobeh.
  1558 | D:3      | Reached XP level 4. HP: 27/37 MP: 6/6
  1572 | D:3      | Reached ** piety under Lugonu
  2075 | D:3      | Found a glowing silver altar of Zin.
  2075 | D:3      | Found a basalt altar of Yredelemnul.
  2075 | D:3      | Found a burning altar of Makhleb.
  2118 | D:3      | You fall into a shaft and drop 2 floors!
  2118 | D:5      | Entered Level 5 of the Dungeon
  2320 | D:5      | Reached XP level 5. HP: 26/42 MP: 7/7
  2519 | D:4      | Found a hide-covered altar of Uskayaw.
  2527 | D:4      | Noticed an angel
  2535 | D:4      | Found a glowing golden altar of the Shining One.
  2536 | D:4      | Found a runed translucent door.
  2667 | D:4      | Reached skill level 4 in Fighting
  2689 | D:4      | HP: 2/42 [poisoned by a scorpion]
  2697 | D:4      | HP: 1/42 [poisoned by a scorpion]
  3452 | D:5      | Found Noreaqoi's Weapon Emporium.
  3553 | D:5      | Reached XP level 6. HP: 31/48 MP: 8/8
  4123 | D:5      | Got a crystal dagger
  4124 | D:5      | Identified the cursed +1 dagger "Murmur" {holy, Str+3} (You
                  | found it on level 5 of the Dungeon)
  4158 | D:5      | Noticed an ogre
  4172 | D:5      | Killed an ogre
  4181 | D:5      | Reached XP level 7. HP: 34/55 MP: 8/10
  4414 | D:5      | Noticed Grinder
  4825 | D:5      | Killed Grinder
  4825 | D:5      | Reached skill level 5 in Fighting
  5047 | D:5      | Found a shimmering blue altar of Sif Muna.
  5562 | D:5      | Reached XP level 8. HP: 21/62 MP: 11/11
  6144 | D:6      | You fall into a shaft and drop 2 floors!
  6146 | D:8      | Slain by a centaur

Illustrated notes

Levels and vault maps discovered:
D:1:      dpeg_arrival_three_smaller_balls, layout_basic
D:2:      layout_rooms, okawaru_ov_weapons_minmay, vehumet_crystals,
          minmay_close_crescents, uniq_jessica
D:3:      layout_loops_ring, nemelex_xobeh_ov_fountains_minmay,
          chequers_temple_overflow_statue_of_worship, serial_glass,
          glass_columns_b, glass_columns_a, glass_columns_c, glass_columns_a,
          chequers_ecumenical_altar_simple_redux
D:4:      layout_gridville, overflow_temple_1_default, first_ration,
          lemuel_angel_altar
D:5:      wad_crossroads, layout_loops_ring, serial_shops,
          kennysheep_little_box, basic_altar, uniq_grinder
D:6:      layout_basic, lemuel_blue_sif_altar, minmay_temple_entry_nine_rooms,
          serial_shops, shop, hangedman_decor_riveting, uniq_duvessa, uniq_pikel
D:8:      layout_rooms, kennysheep_mini, lair_entry_dummy, serial_shops, shop

Skill      XL: |  1  2  3  4  5  6  7 |
---------------+----------------------+-----
Dodging        | 1 2 3 |  3.2
Invocations    | 3 4 |  4.8
Armour         | 3 4 |  4.4
Fighting       | 4 5 |  5.2
Short Blades   | 3 4 |  4.1

Action                   |  1- 3 |  4- 6 |  7- 9 || total
-------------------------+-------+-------+-------++-------
Melee: Short sword       |   150 |   179 |       ||   329
       Dagger            |       |    45 |   161 ||   206
Invok: Depart the Abyss  |     1 |       |       ||     1
 Abil: Shaft Self        |     1 |     1 |     1 ||     3
  Use: Potion            |       |       |     1 ||     1
  Eat: Chunk             |     3 |     4 |     3 ||    10
       Ration            |       |     1 |     1 ||     2
Armor: Leather armour    |    63 |    51 |    20 ||   134
Dodge: Dodged            |   135 |   113 |    77 ||   325
